AoeStats
← Fluvialgeomorphologist

Arabia

508801765Analyzed
3v3 RM · 7d ago on Sep 24, 2026· 27m 17s· 6 players
Game mode
Random Map
Map size
Normal (6 player)
Population
200
Speed
Normal
Resources
Standard
Victory
Conquest
Starting age
Dark Age
Ending age
Imperial Age
RankedLock teamsTeams togetherTeam positionsShared explorationLock speedFull tech treeHidden civsTurbo modeCheats
Victory
Defeat
🇺🇸 Malians · United States
916
+13
🇵🇪 Persians · Peru
891
+14
🇨🇦 Maya · Canada
852
+16
🇨🇴 Koreans · Colombia
899
-21
🇨🇴 Armenians · Colombia
849
-14
🇨🇴 Franks · Colombia
825
-13
RRobles2878
5:45 Loom
9:51 Feudal Age
10:26 Man-at-Arms
11:51 Double-Bit Axe
18:17 Long Swordsman
19:54 Scale Mail Armor
Lil.Barbas
13:25 Feudal Age
13:36 Loom
17:39 Wheelbarrow
didicorcue
7:23 Loom
12:09 Feudal Age
16:21 Wheelbarrow
15:36 Double-Bit Axe
Wondermaker
0:26 Loom
10:31 Feudal Age
11:25 Double-Bit Axe
13:39 Fletching
28:40 Castle Age
Fluvialgeomorphologist
11:53 Feudal Age
10:08 Loom
15:52 Castle Age
14:03 Double-Bit Axe
14:27 Horse Collar
16:57 Heavy Plow
17:07 Heavy Plow
28:20 Wheelbarrow
Mauricio 1783
6:04 Loom
9:05 Feudal Age
14:00 Forging
14:57 Double-Bit Axe
21:05 Castle Age
26:57 Wheelbarrow
Connection lost

Rejoining the realm…

Still unreachable

The connection could not be restored.

Session expired

The server has moved on; the page needs a fresh start.